 Dungeon Crawl Stone Soup version 0.22-a0-159-g7ce444f (webtiles) character file.

120 mhoghedin the Chiller (level 4, 0/36 HPs)
             Began as a Draconian Ice Elementalist on Feb 9, 2018.
             Was a Follower of Kikubaaqudgha.
             Succumbed to Robin's poison
             ... on level 3 of the Dungeon.
             The game lasted 00:03:58 (2157 turns).

mhoghedin the Chiller (Draconian Ice Elementalist)  Turns: 2157, Time: 00:03:59

Health: 0/36       AC:  5    Str: 10    XL:     4   Next: 75%
Magic:  8/8        EV: 18    Int: 17    God:    Kikubaaqudgha [*.....]
Gold:   150        SH:  0    Dex: 16    Spells: 3/8 levels left

rFire    . . .     SeeInvis .   o - +0 whip (elec)
rCold    . . .     Gourm    .   (no shield)
rNeg     . . .     Faith    .   (armour unavailable)
rPois    .         Spirit   .   (helmet restricted)
rElec    .         Reflect  .   (no cloak)
rCorr    .         Harm     .   (no gloves)
MR       .....                  (no boots)
Stlth    +++.......             (no amulet)
HPRegen  0.12/turn              (no ring)
MPRegen  0.11/turn              (no ring)

@: agile, lethally poisoned (0 -> -13), berserk cooldown, slowed, very slow
A: unfitting armour, cold-blooded, AC +5
a: Receive Corpses, Renounce Religion


You were on level 3 of the Dungeon.
You worshipped Kikubaaqudgha.
Kikubaaqudgha was aware of your devotion.
You were hungry.

You visited 1 branch of the dungeon, and saw 3 of its levels.

You collected 150 gold pieces.

Inventory:

Hand Weapons
 e - a +0 club
   (You took it off a kobold on level 1 of the Dungeon)
 o - a +0 whip of electrocution (weapon)
   (You took it off a gnoll on level 2 of the Dungeon)
Missiles
 n - a throwing net {=f, !d}
Scrolls
 g - a scroll of amnesia {unknown}
 h - 4 scrolls of identify {unknown}
 j - a scroll of immolation {unknown}
 l - a scroll of enchant armour {unknown}
 r - a scroll of enchant weapon {unknown}
Potions
 c - a potion of curing {unknown}
 i - a potion of degeneration {unknown}
 k - a potion of haste {unknown}
Books
 a - a book of Frost
 m - Kikubaaqudgha's Incunabulum of Unholy Arts
   (Kikubaaqudgha gifted it to you on level 2 of the Dungeon)

   Spells                             Type                      Level
   a - Animate Skeleton               Necromancy                   1
   b - Pain                           Necromancy                   1
   c - Sublimation of Blood           Necromancy                   2
   d - Regeneration                   Charms/Necromancy            3
Comestibles
 b - 4 rations


   Skills:
 + Level 2.0 Fighting
 + Level 1.7 Maces & Flails
 + Level 2.0 Dodging
 - Level 1.7 Stealth
 - Level 2.9 Spellcasting
   Level 1.0 Conjurations
 - Level 3.8 Ice Magic


You had 3 spell levels left.
You knew the following spells:

 Your Spells              Type           Power        Failure   Level  Hunger
a - Freeze                Ice            ###.         3%          1    None
b - Ozocubu's Armour      Chrm/Ice       #.......     24%         3    ###....
A - Animate Skeleton      Necr           N/A          19%         1    None


Dungeon Overview and Level Annotations

Branches:
Dungeon (3/15)

Altars:
Kikubaaqudgha
Makhleb

Annotations:
D:3 Robin


Innate Abilities, Weirdness & Mutations

Your plain brown scales are hard. (AC +5)
You cannot fit into any form of body armour.
You are cold-blooded and may be slowed by cold attacks.


Message History

Your transformation is almost over.
You feel sick.
The goblin hits you but does no damage. x2
A goblin comes into view. It is wielding a dagger.
You take 1 damage, and have 23/54 hp.
Unknown command.
You hit the goblin. Lightning courses through the goblin!
You kill the goblin!
Kikubaaqudgha accepts your kill. Robin throws the goblin at you!
The goblin hits you but does no damage.
A goblin comes into view.
You take 2 damage, and have 21/54 hp.
You hit the goblin.
You feel sick. The goblin hits you but does no damage. Robin barely misses you.
The goblin hits you but does no damage.
You take 1 damage, and have 20/54 hp.
You hit the goblin. Lightning courses through the goblin!
You kill the goblin!
Kikubaaqudgha accepts your kill.
The goblin hits you but does no damage. x2; Robin hits you but does no damage.
A goblin comes into view.
You hit the goblin.
You feel sick. The goblin hits you but does no damage. The goblin hits you.
Robin barely misses you.
A goblin comes into view. It is wielding a club.
You take 3 damage, and have 17/54 hp.
You hit the goblin but do no damage.
The goblin no longer looks unusually strong. x2
The goblin hits you but does no damage. x2; Robin hits you but does no damage.
You are more poisoned.
The goblin hits you but does no damage.
Unknown command.
It was a potion of berserk rage.
A red film seems to cover your vision as you go berserk!
You feel yourself moving faster!
You feel mighty!
You feel sick. The goblin hits you but does no damage.
Robin hits you but does no damage. The goblin hits you but does no damage.
You now have 25/81 hp.
You closely miss the goblin. The goblin hits you but does no damage.
Robin roars a battlecry!
The goblins go into a battle-frenzy!
You barely miss the goblin.
You feel sick. The goblin hits you but does no damage.
You take 1 damage, and have 24/81 hp.
You are feeling hungry.
You whack the goblin!
You kill the goblin!
Kikubaaqudgha accepts your kill.
You feel less wooden.
You feel sick. Robin closely misses you.
You now have 15/54 hp.
You closely miss the goblin.
You feel sick. The goblin closely misses you. Robin closely misses you.
You barely miss the goblin. The goblin misses you.
You whack the goblin!
You kill the goblin!
Kikubaaqudgha accepts your kill.
You feel sick. Robin misses you. The goblin hits you.
* * * LOW HITPOINT WARNING * * *
You take 4 damage, and have 11/54 hp.
You whack the goblin!
You kill the goblin!
Kikubaaqudgha accepts your kill.
You feel sick.
Robin hits you from afar with a spear of venom.
* * * LOW HITPOINT WARNING * * *
You are lethally poisoned!
You take 3 damage, and have 8/54 hp.
Unknown command.
You whack the goblin! Lightning courses through the goblin!
You kill the goblin!
Kikubaaqudgha accepts your kill.
Your Fighting skill increases to level 2!
Your Dodging skill increases to level 2!
* * * LOW HITPOINT WARNING * * *
You feel sick.
You take 1 damage, and have 7/54 hp.
The goblin no longer looks unusually strong.
Robin roars a battlecry!
The goblin goes into a battle-frenzy!
Items here: )) †† a dagger; a club; a goblin corpse x2
You are too berserk!
You feel a strong urge to attack something.
* * * LOW HITPOINT WARNING * * *
You feel sick.
You take 1 damage, and have 6/54 hp.
You are no longer berserk.
You are exhausted.
You feel yourself slow down.
* * * LOW HITPOINT WARNING * * *
You feel sick.
You now have 3/36 hp.
Unknown command.
Unknown command.
It was a potion of magic.
Magic courses through your body.
* * * LOW HITPOINT WARNING * * *
You feel sick.
You take 2 damage, and have 1/36 hp.
It was a potion of agility.
You feel agile all of a sudden.
You die...
Kikubaaqudgha rasps: "You have failed me!
Welcome... death!"

#. #.# ##### #.
#.#####.# #
#.#####.......#
#
#..##.....#####
#
..#####.##.###.#
# #..........#
#.# #
..#####.#### #.#
# #.### #.# #
#..@## #.## ####
###..# #..##
#... ##g# ##..#
#.## #)g# ##.##
##.# # ##†##
#).####..#
#####.######.g#
##.#....##
...<.ggg.....##
#...####
.....gg#######
##### .).....


You could see Robin and a goblin.

Vanquished Creatures
  4 gnolls (D:2)
  An adder (D:2)
  An ooze (D:1)
  A dart slug (D:3)
  A leopard gecko (D:3)
  5 bats
  7 giant cockroaches
  13 goblins
  3 hobgoblins
  5 jackals
  6 kobolds
  A quokka (D:2)
  A frilled lizard (D:1)
  11 rats
60 creatures vanquished.

Notes
Turn   | Place    | Note
-------+----------+-------------------------------------------
     0 | D:1      | mhoghedin the Draconian Ice Elementalist began the quest for the Orb.
     0 | D:1      | Reached XP level 1. HP: 14/14 MP: 3/3
     1 | D:1      | Found a runed door.
   374 | D:1      | Reached XP level 2. HP: 20/20 MP: 5/5
   775 | D:1      | HP: 5/20 [rat (1)]
  1074 | D:2      | Found a burning altar of Makhleb.
  1084 | D:2      | Reached XP level 3. HP: 24/26 MP: 7/7
  1388 | D:2      | Found a faded altar of an unknown god.
  1395 | D:2      | Became a worshipper of Kikubaaqudgha
  1395 | D:2      | Reached * piety under Kikubaaqudgha
  1395 | D:2      | Identified Kikubaaqudgha's Incunabulum of Unholy Arts (Kikubaaqudgha gifted it to you on level 2 of the Dungeon)
  1395 | D:2      | Received a gift from Kikubaaqudgha
  1451 | D:2      | Learned a level 1 spell: Animate Skeleton
  1455 | D:2      | Learned a level 3 spell: Ozocubu's Armour
  1479 | D:2      | Reached skill level 1 in Fighting
  1487 | D:2      | Reached skill level 1 in Maces & Flails
  1487 | D:2      | Reached XP level 4. HP: 23/35 MP: 6/8
  1805 | D:2      | Noticed an Executioner
  1809 | D:2      | Noticed a ynoxinul
  1809 | D:2      | Noticed a smoke demon
  2110 | D:3      | Noticed Robin
  2150 | D:3      | HP: 11/54 [goblin[Robin] (3)]
  2152 | D:3      | Reached skill level 2 in Fighting
  2152 | D:3      | Reached skill level 2 in Dodging
  2155 | D:3      | HP: 3/36 [poisoned by Robin]
  2156 | D:3      | HP: 1/36 [poisoned by Robin]
  2157 | D:3      | Succumbed to Robin's poison

Vault maps used:
D:1:      dpeg_arrival_caged_fury
D:2:      chequers_ecumenical_altar_simple, small_statue_intersection,
          makhleb_altar_promises_db
D:3:      first_ration, uniq_robin

Skill      XL: |  1  2  3  4 |
---------------+-------------+-----
Fighting       | 1 2 |  2.0
Maces & Flails | 1 |  1.7
Dodging        | 2 |  2.0
Stealth        | |  1.7
Spellcasting   | |  2.9
Conjurations   | |  1.0
Ice Magic      | |  3.8

Action                   |  1- 3 |  4- 6 || total
-------------------------+-------+-------++-------
Melee: Unarmed           |    20 |       ||    20
       Club              |   102 |       ||   102
       Tailslap          |     6 |     4 ||    10
       Whip              |     8 |    79 ||    87
 Cast: Freeze            |    22 |       ||    22
  Use: Potion            |       |     4 ||     4
 Stab: Sleeping          |     3 |     1 ||     4
  Eat: Chunk             |     2 |     2 ||     4
Armor: Skin              |    66 |    55 ||   121
Dodge: Dodged            |   130 |    54 ||   184

Table legend:
 A = Spawn XP
 B = Non-spawn XP
 C = Spawn XP percentage of total XP
 D = Spawn monster count
 E = Non-spawn monster count
 F = Spawn count percentage of total count
 G = Total turns spent on level
                    A         B        C        D         E        F      G
               +---------+---------+-------+---------+---------+-------+---------
         Total |       0 |     172 |   0.0 |       0 |      60 |   0.0 |  2157
               +---------+---------+-------+---------+---------+-------+---------
           D:1 |       0 |      38 |   0.0 |       0 |      21 |   0.0 |  1054
           D:2 |       0 |      94 |   0.0 |       0 |      19 |   0.0 |   824
           D:3 |       0 |      40 |   0.0 |       0 |      20 |   0.0 |   279
               +---------+---------+-------+---------+---------+-------+---------

Vault maps used:
D:1:      dpeg_arrival_caged_fury
D:2:      chequers_ecumenical_altar_simple, small_statue_intersection,
          makhleb_altar_promises_db
D:3:      first_ration, uniq_robin

Table legend:
 A = Turns spent in this place as a percentage of turns spent in the entire game.
 B = Non-inter-level travel turns spent in this place as a percentage of non-inter-level travel turns spent in the entire game.
 C = Inter-level travel turns spent in this place as a percentage of turns spent in this place.
 D = Turns resting spent in this place as a percentage of non-inter-level travel turns spent in this place.
 E = Turns spent auto-exploring this place as a percentage of non-inter-level travel turns spent in this place.
 F = Non-inter-level travel turns spent in this place divided by the number of levels of this place that you've seen.
                   A       B       C       D       E      F
               +-------+-------+-------+-------+-------+----------------------
         Total | 100.0 | 100.0 |   1.3 |  20.2 |  57.2 | 709.3
       Dungeon | 100.0 | 100.0 |   1.3 |  20.2 |  57.2 | 709.3
               +-------+-------+-------+-------+-------+----------------------

Table legend:
 A = Kills in this place as a percentage of kills in entire the game.
 B = Kills by you in this place as a percentage of kills by you in the entire game.
 C = Kills by friends in this place as a percentage of kills by friends in the entire game.
 D = Other kills in this place as a percentage of other kills in the entire game.
 E = Experience gained in this place as a percentage of experience gained in the entire game.
 F = Experience gained in this place divided by the number of levels of this place that you have seen.
                   A       B       C       D       E      F
               +-------+-------+-------+-------+-------+----------------------
         Total | 100.0 | 100.0 |   N/A |   N/A | 100.0 |  57.3
       Dungeon | 100.0 | 100.0 |   N/A |   N/A | 100.0 |  57.3
               +-------+-------+-------+-------+-------+----------------------
